[Event "Titled Tuesday Blitz May 23 Late 2023"]
[White "SergioMoralesG"]
[Black "Sun, Rick"]
[BlackFideId "30909481"]
[WhiteElo "2522"]
[BlackElo "2169"]
[Result "1-0"]
[Round "10"]
[TimeControl "180+2"]
[Date "2023.05.23"]
[WhiteClock "0:00:45"]
[BlackClock "0:00:00"]

1. e4 d6 2. d4 Nf6 3. Nc3 Nbd7 4. Nf3 e5 5. Bc4 Be7 6. O-O O-O 7. a4 c6 8. Bb3 Qc7 9. h3 h6 10. Re1 Re8 11. Nh4 Nf8 12. dxe5 dxe5 13. Qf3 Be6 14. Nf5 Bxb3 15. cxb3 Ne6 16. Be3 Rad8 17. Red1 b6 18. Ne2 Ng5 19. Bxg5 hxg5 20. Neg3 g6 21. Ne3 Kg7 22. Rac1 Rxd1+ 23. Rxd1 Rd8 24. Ng4 Nxg4 25. hxg4 Rxd1+ 26. Qxd1 Qd6 27. Qxd6 Bxd6 28. Kf1 Bc5 29. Ke2 Bd4 30. f3 Bxb2 31. Kd3 Kf6 32. Nf1 Ba3 33. Ne3 Bc5 34. Nc4 Ke6 35. Kc3 f6 36. b4 Bd4+ 37. Kd3 a6 38. Nd2 b5 39. a5 Kd6 40. Nb3 Ba7 41. Kc3 c5 42. Nd2 cxb4+ 43. Kxb4 Bc5+ 44. Kc3 Kc6 45. Nb3 Bd6 46. Kd3 Bb4 47. Kc2 Bd6 48. Kd3 Bc7 49. Kc3 Bd8 50. Kd3 Be7 51. Kc3 Ba3 52. Kd3 Bb2 53. Kc2 Bd4 54. Kd3 Bg1 55. Kc3 Bf2 56. Kd3 Be1 57. Ke2 Bb4 58. Kd3 Kd6 59. Kc2 Ke6 60. Kd3 Bd6 61. Kc3 Kd7 62. Kd3 Kc6 63. Kc3 Bf8 64. Kd3 Bb4 65. Kc2 Be1 66. Kd3 b4 67. Kc4 Bc3 68. Nc5 Be1 69. Nxa6 b3 70. Kxb3 1-0


[Site "https://www.chess.com"]

[Event "Titled Tuesday Blitz May 23 Late 2023"]
[White "Ladan, Nicholas"]
[Black "Tejedor Fuente, Enrique"]
[WhiteFideId "30918855"]
[BlackFideId "2299100"]
[WhiteElo "2167"]
[BlackElo "2496"]
[Result "0-1"]
[Round "10"]
[TimeControl "180+2"]
[Date "2023.05.23"]
[WhiteClock "0:00:23"]
[BlackClock "0:02:35"]

1. d4 b6 2. Bg5 Bb7 3. Nf3 h6 4. Bh4 c5 5. c3 g5 6. Bg3 d6 7. Nbd2 f5 8. e3 Nf6 9. Bb5+ Kf7 10. h4 g4 11. Nh2 Bxg2 12. Rg1 Bb7 13. Bd3 e6 14. Qe2 Nc6 15. e4 Qd7 16. O-O-O cxd4 17. f3 dxc3 18. bxc3 h5 19. fxg4 fxg4 20. Rdf1 Be7 21. e5 dxe5 22. Ne4 Raf8 23. Ng5+ Ke8 24. Bg6+ Kd8 25. Rd1 Nd5 26. c4 Ba3+ 27. Kc2 Nd4+ 28. Rxd4 Qa4+ 29. Kb1 Qb4+ 30. Kc2 Qb2+ 31. Kd1 Qxd4+ 32. Kc2 Qb2+ 33. Kd1 Nc3+ 0-1


[Site "https://www.chess.com"]

[Event "Titled Tuesday Blitz May 23 Late 2023"]
[White "Przybylski, Wojciech"]
[Black "Hambleton, Aman"]
[WhiteFideId "1117599"]
[BlackFideId "2606577"]
[WhiteElo "2222"]
[BlackElo "2511"]
[Result "1-0"]
[Round "10"]
[TimeControl "180+2"]
[Date "2023.05.23"]
[WhiteClock "0:00:06"]
[BlackClock "0:00:02"]

1. e4 b6 2. d4 Bb7 3. Nc3 e6 4. Nf3 Bb4 5. Bd3 Nf6 6. Qe2 d5 7. e5 Ne4 8. O-O Nxc3 9. bxc3 Bxc3 10. Rb1 Nc6 11. Be3 h6 12. Rb3 Ba5 13. c3 Qd7 14. Rfb1 Ne7 15. Nd2 Bc6 16. Qg4 g6 17. h4 h5 18. Qg5 Nf5 19. Qf6 Rg8 20. Bg5 Qe7 21. f3 Qxf6 22. Bxf6 Nxd4 23. cxd4 Bxd2 24. Kf2 Kd7 25. Ke2 Bh6 26. g4 Bg7 27. Bg5 Rh8 28. Rc3 Bb7 29. Ke3 Bf8 30. Bf6 Rh7 31. Rbc1 c5 32. dxc5 bxc5 33. Rxc5 Bxc5+ 34. Rxc5 Bc6 35. Kf4 Rb8 36. Ra5 Rb7 37. Kg5 Kc7 38. Ra6 Bd7 39. Ra5 Kb6 40. Ra3 Kc5 41. Kf4 Kd4 42. Be2 Kc5 43. Rc3+ Kb4 44. Rb3+ Kc5 45. Rxb7 Kc6 46. Rxa7 Bc8 47. Ra3 Bb7 48. Rc3+ Kb6 49. Rb3+ Kc6 50. a4 Bc8 51. Bb5+ Kc5 52. Be8 d4 53. Rb1 Ba6 54. Rc1+ Kb4 55. Rb1+ Kc3 56. Rc1+ Kb2 57. Rc6 Be2 58. Rd6 d3 59. Ke3 Kc3 60. g5 Kb4 61. Bb5 d2 62. Bxe2 Kxa4 63. Kxd2 Kb4 64. Rd4+ Kc5 65. Rd3 Kc6 66. Kc3 Kc5 67. Kb3 Kc6 68. Kc4 Kb6 69. Rd6+ Kc7 70. Kc5 Kb7 71. Rd7+ Kc8 72. Re7 Kb8 73. Kc6 Ka8 74. Bd3 Kb8 75. Ba6 Ka8 76. Kb6 Rh8 77. Bxh8 f5 78. exf6 e5 79. Re8# 1-0


[Site "https://www.chess.com"]

[Event "Titled Tuesday Blitz May 23 Late 2023"]
[White "Bryakin, Mikhail"]
[Black "Ollier, Pablo"]
[WhiteFideId "4165314"]
[BlackFideId "652318"]
[WhiteElo "2467"]
[BlackElo "2568"]
[Result "0-1"]
[Round "10"]
[TimeControl "180+2"]
[Date "2023.05.23"]
[WhiteClock "0:00:00"]
[BlackClock "0:00:02"]

1. e4 e5 2. Nf3 Nc6 3. Bc4 Nf6 4. Nc3 Nxe4 5. Bxf7+ Kxf7 6. Nxe4 d5 7. Ng3 e4 8. Ng1 Bc5 9. N1e2 Rf8 10. d4 exd3 11. cxd3 Qf6 12. O-O Kg8 13. Be3 Bd6 14. d4 Bg4 15. Qc2 Rae8 16. Nc3 Ne7 17. Qb3 c6 18. Nce4 Qg6 19. Nxd6 Qxd6 20. Qxb7 Nf5 21. Rac1 Re6 22. Bd2 h6 23. Bb4 Rb8 24. Bxd6 Rxb7 25. Ba3 Nxd4 26. Rfe1 Kf7 27. f3 Rxe1+ 28. Rxe1 Be6 29. Rd1 Nf5 30. Ne2 Ne3 31. Rc1 Nc4 32. Nd4 Bd7 33. Bc5 Ne5 34. b3 Nd3 35. Rc3 Nf4 36. Ba3 Rb6 37. Kf2 Ra6 38. g3 Rxa3 39. gxf4 Rxa2+ 40. Kg3 Rb2 41. Nxc6 Bxc6 42. Rxc6 Rxb3 43. Rc7+ Kf6 44. Rxa7 Rb2 45. Rd7 Rd2 46. f5 Rd1 47. Kf4 d4 0-1


[Site "https://www.chess.com"]

[Event "Titled Tuesday Blitz May 23 Late 2023"]
[White "Safin, Robert"]
[Black "Pakleza, Zbigniew"]
[WhiteFideId "34189120"]
[BlackFideId "1119290"]
[WhiteElo "2295"]
[BlackElo "2410"]
[Result "0-1"]
[Round "10"]
[TimeControl "180+2"]
[Date "2023.05.23"]
[WhiteClock "0:00:24"]
[BlackClock "0:00:20"]

1. e4 d6 2. d4 Nf6 3. Nc3 c6 4. Nge2 b5 5. a3 e5 6. g3 Nbd7 7. Bg2 Be7 8. O-O Bb7 9. h3 a5 10. Be3 O-O 11. Qd2 Re8 12. f4 b4 13. Nd1 bxa3 14. bxa3 exd4 15. Nxd4 c5 16. Nf5 Nxe4 17. Qd3 Bf6 18. Rb1 c4 19. Qxc4 Ba6 20. Qd5 Bxf1 21. Kxf1 Ndc5 22. Bxc5 Nxc5 23. Qxa8 Qxa8 24. Bxa8 Rxa8 25. Nde3 Ne4 26. Nd5 Nd2+ 0-1


[Site "https://www.chess.com"]

[Event "Titled Tuesday Blitz May 23 Late 2023"]
[White "Hamitevici, Vladimir"]
[Black "Fiorito, Francisco"]
[WhiteFideId "13902393"]
[BlackFideId "180165"]
[WhiteElo "2401"]
[BlackElo "2341"]
[Result "1/2-1/2"]
[Round "10"]
[TimeControl "180+2"]
[Date "2023.05.23"]
[WhiteClock "0:00:05"]
[BlackClock "0:00:09"]

1. f4 d5 2. Nf3 Nf6 3. g3 Bf5 4. Bg2 e6 5. d3 Be7 6. Nh4 Bg6 7. Nc3 O-O 8. Nxg6 hxg6 9. e4 dxe4 10. Nxe4 Nxe4 11. Bxe4 c6 12. h4 Nd7 13. h5 f5 14. hxg6 Nf6 15. Qe2 Qe8 16. Bxf5 Bb4+ 17. c3 Bxc3+ 18. bxc3 exf5 19. Ba3 Qxe2+ 20. Kxe2 Rfe8+ 21. Kd2 Rad8 22. Rh3 Ne4+ 23. Kc2 Nf2 24. Rh2 Ng4 25. Rd2 Re6 26. Rh1 Rde8 27. Rh5 Rxg6 28. Bc5 b6 29. Bg1 Nh6 30. Rg2 c5 31. d4 c4 32. d5 Rd8 33. Bd4 Rxd5 34. Re2 Kf7 35. Rh3 Rd7 36. Kb2 Re6 37. Rxe6 Kxe6 38. Bxg7 Ng4 39. Bd4 Kd5 40. Rh8 Re7 41. Rf8 Ke4 42. Rc8 Kd3 43. Rf8 Ke4 44. Ka3 Nh2 45. Rc8 Kd3 46. Rf8 Ke4 47. Kb4 Nf3 48. Kxc4 Rc7+ 49. Kb5 Rd7 50. Ka6 Nxd4 51. cxd4 Rxd4 52. Kxa7 Ra4+ 53. Kxb6 Rxa2 54. Rg8 Rc2 55. Kb5 Kf3 56. Rg5 Rc7 57. Kb6 Rc2 58. Kb5 Rc8 59. Kb6 Rc1 60. Rg6 Rg1 61. Rg5 Rxg3 62. Rxf5 Rg4 63. Rf6 Rxf4 64. Rxf4+ Kxf4 1/2-1/2


[Site "https://www.chess.com"]

[Event "Titled Tuesday Blitz May 23 Late 2023"]
[White "Weetik, Vjacheslav"]
[Black "Ibadov, Dashgyn"]
[WhiteFideId "4153472"]
[BlackFideId "24107514"]
[WhiteElo "2469"]
[BlackElo "2208"]
[Result "0-1"]
[Round "10"]
[TimeControl "180+2"]
[Date "2023.05.23"]
[WhiteClock "0:00:03"]
[BlackClock "0:00:04"]

1. d4 Nf6 2. c4 c5 3. d5 d6 4. Nc3 g6 5. e4 Bg7 6. h3 O-O 7. Bd3 e6 8. Nf3 exd5 9. cxd5 Re8 10. O-O Nbd7 11. Bf4 c4 12. Bc2 Nc5 13. Re1 b5 14. a3 Qb6 15. Qd2 a5 16. Bh6 Bd7 17. Bxg7 Kxg7 18. Qd4 b4 19. Ne2 b3 20. Bd1 Rxe4 21. Qd2 Nd3 22. Rf1 Nxd5 23. Ng3 Re7 24. Be2 N5f4 25. Bxd3 Nxd3 26. Qg5 Re6 27. Nd4 Re5 28. Nh5+ Kf8 29. Nf6 Qxd4 30. Nxd7+ Kg8 31. Nf6+ Kg7 32. Nh5+ Kf8 33. Qh6+ Ke7 34. Ng3 Qxb2 35. Qh4+ g5 36. Qxc4 Nxf2 37. Rab1 Qc2 38. Qxb3 Qxb3 39. Rxb3 Ne4 40. Rb7+ Ke6 41. Nxe4 Rxe4 42. Rfxf7 Rc8 43. Rxh7 Rc1+ 44. Kh2 Kd5 45. Rb5+ Rc5 46. Rbb7 Kd4 47. Rbg7 d5 48. Rh5 Re5 49. Rhxg5 Rxg5 50. Rxg5 Kc4 51. h4 d4 52. Rg8 d3 53. Rd8 Rd5 54. Rc8+ Kd4 55. Rc1 d2 56. Rd1 Ke3 57. g4 Ke2 58. Ra1 d1=Q 59. Rxd1 Kxd1 60. Kg3 Ke2 61. Kf4 Rd4+ 62. Kf5 Kf3 63. g5 Rxh4 64. g6 Rg4 65. Kf6 Ke3 66. g7 Kd3 67. Kf7 Kc3 68. g8=Q Rxg8 0-1


[Site "https://www.chess.com"]

[Event "Titled Tuesday Blitz May 23 Late 2023"]
[White "Goltsev, Dmitry"]
[Black "Reprintsev, Alexander"]
[WhiteFideId "24176710"]
[BlackFideId "14100541"]
[WhiteElo "2356"]
[BlackElo "2218"]
[Result "1-0"]
[Round "10"]
[TimeControl "180+2"]
[Date "2023.05.23"]
[WhiteClock "0:00:29"]
[BlackClock "0:00:50"]

1. e4 d5 2. exd5 Qxd5 3. Nf3 Bg4 4. Be2 Nc6 5. Nc3 Qd7 6. d3 O-O-O 7. h3 Bf5 8. Be3 e5 9. a4 a6 10. Nb5 Nf6 11. O-O h6 12. d4 e4 13. Nd2 Bxh3 14. gxh3 Qxh3 15. Nxe4 Rg8 16. Ng3 h5 17. Bg5 Ng4 18. Bxg4+ hxg4 19. Bxd8 Rh8 20. Re1 Kxd8 21. d5 Ne5 22. Rxe5 Bc5 23. Nd4 g6 24. Qd3 Bd6 25. Rae1 f5 26. Ne6+ Kc8 27. Nf4 Qh2+ 28. Kf1 Bxe5 29. Rxe5 Qh6 30. Qe3 Qf8 31. Nxg6 1-0


[Site "https://www.chess.com"]

[Event "Titled Tuesday Blitz May 23 Late 2023"]
[White "Musovic, Armin"]
[Black "Annaberdiyev, Meylis"]
[WhiteFideId "939935"]
[BlackFideId "14000563"]
[WhiteElo "2322"]
[BlackElo "2416"]
[Result "1-0"]
[Round "10"]
[TimeControl "180+2"]
[Date "2023.05.23"]
[WhiteClock "0:00:12"]
[BlackClock "0:00:12"]

1. a3 d5 2. Nc3 d4 3. Ne4 e5 4. Ng3 f5 5. e4 f4 6. Qh5+ Kd7 7. Nf3 Nc6 8. Bb5 Bd6 9. Nxe5+ Bxe5 10. Qxe5 Qf6 11. Qd5+ Ke8 12. Nf5 Bxf5 13. exf5 Ne7 14. Bxc6+ Qxc6 15. Qxc6+ Nxc6 16. d3 f3 17. Bf4 Kd7 18. g4 h5 19. Rg1 Rae8+ 20. Kf1 hxg4 21. Rxg4 Rh7 22. Bg3 Rf8 23. Rf4 a5 24. Re1 Rh5 25. Rxf3 g5 26. f6 Rh6 27. Rf5 Rg6 28. Re4 Rfxf6 29. Rd5+ Rd6 30. Bxd6 cxd6 31. Rg4 Ne5 32. Rg3 Rf6 33. Rxa5 g4 34. Rxe5 dxe5 35. Rxg4 Kd6 36. h4 Kd5 37. h5 Rc6 38. Rg6 Rxc2 39. Rb6 e4 40. Rb5+ Kc6 41. Rb3 e3 42. fxe3 dxe3 43. Rc3+ Rxc3 44. bxc3 1-0


[Site "https://www.chess.com"]

[Event "Titled Tuesday Blitz May 23 Late 2023"]
[White "Amburgy, Ryan"]
[Black "Haszon, David"]
[WhiteFideId "30924820"]
[BlackFideId "733610"]
[WhiteElo "2134"]
[BlackElo "2210"]
[Result "1-0"]
[Round "10"]
[TimeControl "180+2"]
[Date "2023.05.23"]
[WhiteClock "0:00:13"]
[BlackClock "0:00:10"]

1. d4 Nf6 2. c4 c5 3. d5 b5 4. cxb5 a6 5. e3 g6 6. Nc3 d6 7. e4 Bg7 8. a4 O-O 9. Nf3 axb5 10. Bxb5 Bd7 11. Bd3 Qa5 12. O-O Qb4 13. Bd2 c4 14. Bc2 Qxb2 15. Rb1 Qa3 16. Nb5 Qc5 17. Be3 Qc8 18. Qe2 Bxb5 19. Rxb5 Nbd7 20. Nd2 c3 21. Nc4 h5 22. h3 Ne8 23. Rfb1 Nc7 24. Rb7 Na6 25. Na5 Ne5 26. f4 Nd7 27. Nc6 Re8 28. Qc4 Nac5 29. R7b5 Kh7 30. a5 e6 31. dxe6 Rxe6 32. Nd4 Re7 33. Qd5 Rb8 34. Qxd6 Re8 35. Rxb8 Nxb8 36. Nb5 Nxe4 37. Qc7 Qxc7 38. Nxc7 Rc8 39. Nd5 Nd2 40. Rb7 Nc6 41. a6 Kg8 42. a7 Nxa7 43. Rxa7 Nc4 44. Bf2 Bf8 45. Ne7+ Bxe7 46. Rxe7 Na3 47. Re2 Rb8 48. Bd4 Rb2 49. Bd3 Rb3 50. Be4 Nb5 51. Be5 f6 52. Bxf6 Kf7 53. Be5 Rb4 54. Bd5+ Ke7 55. Rc2 Rb1+ 56. Kf2 Rd1 57. Bc4 Na3 58. Rxc3 Nxc4 59. Rxc4 Rd2+ 60. Kf3 Ke6 61. Rc6+ Kf7 62. Rc7+ Ke6 63. Rg7 Kf5 64. Rf7+ Ke6 65. Rf6+ Kd5 66. Rxg6 Rd3+ 67. Kf2 Rd2+ 68. Kg1 Ke4 69. Kh2 Kf5 70. Rg5+ Ke4 71. Rxh5 Ke3 72. Rg5 Ke4 73. h4 Rd7 74. h5 Rh7 75. Kh3 Ke3 76. Kh4 Ke4 77. Rg6 Kf5 78. Rf6+ Ke4 79. h6 Kd5 80. Kh5 1-0


[Site "https://www.chess.com"]

[Event "Titled Tuesday Blitz May 23 Late 2023"]
[White "Ognean, Mihnea-Ionut"]
[Black "Schnaider, Ilan"]
[WhiteFideId "1232347"]
[BlackFideId "169013"]
[WhiteElo "2215"]
[BlackElo "2224"]
[Result "1-0"]
[Round "10"]
[TimeControl "180+2"]
[Date "2023.05.23"]
[WhiteClock "0:00:05"]
[BlackClock "0:00:00"]

1. Nf3 Nf6 2. b3 g6 3. Bb2 Bg7 4. g3 O-O 5. Bg2 d5 6. O-O c5 7. d3 Nc6 8. Nbd2 Re8 9. e4 d4 10. a4 a6 11. h3 Bd7 12. Nc4 b5 13. Nce5 Qc7 14. Nxd7 Nxd7 15. Nd2 e5 16. f4 Qd6 17. h4 Ne7 18. f5 Rac8 19. Bc1 Nf6 20. g4 gxf5 21. exf5 Ned5 22. Ne4 Nxe4 23. Bxe4 Nc3 24. Qf3 f6 25. axb5 axb5 26. g5 c4 27. Kh2 cxb3 28. cxb3 Nxe4 29. dxe4 Rc2+ 30. Rf2 Rec8 31. Bd2 d3 32. Rg1 Kh8 33. g6 h6 34. Qh5 Qf8 35. Rgg2 Kg8 36. Qf3 Rd8 37. Ba5 Rxf2 38. Rxf2 Rd7 39. Rd2 Qc8 40. Kh3 Qc1 41. Rxd3 Qc6 42. Rxd7 Qxd7 43. Qc3 Bf8 44. Qc7 Qe7 45. Qxe7 Bxe7 46. Kg4 Bf8 47. h5 Bc5 48. Kf3 Kg7 49. Ke2 Kf8 50. Kd3 Ke7 51. Bd2 1-0


[Site "https://www.chess.com"]

[Event "Titled Tuesday Blitz May 23 Late 2023"]
[White "Dragomirescu, Robin-Alexandru"]
[Black "Chor, Kevin"]
[WhiteFideId "1213849"]
[BlackFideId "2090740"]
[WhiteElo "2356"]
[BlackElo "2631"]
[Result "0-1"]
[Round "10"]
[TimeControl "180+2"]
[Date "2023.05.23"]
[WhiteClock "0:01:45"]
[BlackClock "0:01:45"]

1. b3 Nf6 2. Bb2 g6 3. Bxf6 exf6 4. c4 Bg7 5. Nc3 O-O 6. g3 d6 7. Bg2 f5 8. Qc2 Nc6 9. e3 f4 10. gxf4 Bf5 11. Be4 Nb4 12. Qb1 Bxe4 13. Qxe4 Re8 14. Qb1 d5 15. cxd5 Bxc3 16. dxc3 Qxd5 17. cxb4 Qxh1 18. Kf1 Qxh2 19. Qc1 c6 20. Qc3 Rad8 21. Re1 Qh5 0-1


[Site "https://www.chess.com"]

[Event "Titled Tuesday Blitz May 23 Late 2023"]
[White "NikaVolkov"]
[Black "Senft, Sean"]
[BlackFideId "2044960"]
[WhiteElo "2623"]
[BlackElo "1989"]
[Result "0-1"]
[Round "10"]
[TimeControl "180+2"]
[Date "2023.05.23"]
[WhiteClock "0:01:18"]
[BlackClock "0:00:16"]

1. d4 d5 2. Nf3 Nf6 3. e3 c6 4. c4 a6 5. Be2 Bf5 6. Ne5 Nbd7 7. Qb3 Ra7 8. f4 g6 9. Nc3 Bg7 10. O-O O-O 11. cxd5 cxd5 12. Nxd5 Be6 13. Nxd7 Qxd7 14. Nxf6+ Bxf6 15. Qd3 b5 16. Bd2 Bc4 17. Qe4 Bxe2 18. Rf2 Bc4 19. f5 Rc7 20. Bc3 Rfc8 21. Qg4 Bd3 22. a3 a5 23. h4 b4 24. axb4 axb4 25. Bxb4 Rc1+ 26. Rxc1 Rxc1+ 27. Kh2 Bxf5 28. Qg3 h5 29. Bc3 Be4 30. Rf4 Qb7 31. Rf2 Qb3 32. Qf4 Qd5 33. Qg3 Rc2 34. Qf4 Rxf2 35. Qxf2 Qf5 36. Qg3 Qg4 37. Qxg4 hxg4 38. Kg3 Bf5 39. Kf4 Bxh4 40. e4 Bd7 41. e5 f6 42. g3 Bg5+ 43. Ke4 f5+ 44. Kd5 f4 45. Bd2 f3 46. Be1 Be3 47. Ke4 f2 48. Bxf2 Bxf2 49. d5 Bxg3 50. e6 Bb5 51. b4 Bd6 52. Ke3 g3 53. Kf3 Bc4 54. Kg2 Bxd5+ 55. Kh3 g2 56. b5 g1=Q 57. b6 Qg3# 0-1


[Site "https://www.chess.com"]

[Event "Titled Tuesday Blitz May 23 Late 2023"]
[White "Bilan, Danila"]
[Black "Goroshkov, Maksym"]
[WhiteFideId "24161918"]
[BlackFideId "14142716"]
[WhiteElo "2182"]
[BlackElo "2322"]
[Result "0-1"]
[Round "10"]
[TimeControl "180+2"]
[Date "2023.05.23"]
[WhiteClock "0:00:13"]
[BlackClock "0:00:47"]

1. d4 Nf6 2. Nf3 d6 3. g3 g6 4. Bg2 Bg7 5. O-O O-O 6. c4 c5 7. Nc3 cxd4 8. Nxd4 a6 9. b3 e5 10. Nc2 Nc6 11. Bb2 Be6 12. Ne3 Rc8 13. Qd2 Bh6 14. h3 Qd7 15. Ned5 Bxd5 16. Nxd5 Nxd5 17. Qxh6 Nde7 18. Rad1 Nf5 19. Qd2 Rfd8 20. h4 Ng7 21. Kh2 f5 22. Bd5+ Kh8 23. f4 Qe7 24. Qe3 exf4 25. Qxe7 fxg3+ 26. Kxg3 Nxe7 27. Bxb7 Rb8 28. Bxa6 d5 29. c5 Nc6 30. a3 Rxb3+ 31. Rd3 Rxb2 0-1


[Site "https://www.chess.com"]

[Event "Titled Tuesday Blitz May 23 Late 2023"]
[White "Adla, Diego"]
[Black "Ambartsumova, Karina"]
[WhiteFideId "100072"]
[BlackFideId "4166299"]
[WhiteElo "2377"]
[BlackElo "2240"]
[Result "1/2-1/2"]
[Round "10"]
[TimeControl "180+2"]
[Date "2023.05.23"]
[WhiteClock "0:00:16"]
[BlackClock "0:00:16"]

1. c4 Nf6 2. Nc3 g6 3. e4 d6 4. d4 Bg7 5. Nf3 O-O 6. Be2 e5 7. d5 a5 8. Bg5 h6 9. Be3 Na6 10. Nd2 Nc5 11. O-O Kh7 12. Rb1 Nfd7 13. Kh1 f5 14. exf5 gxf5 15. f4 exf4 16. Bxf4 Ne5 17. Nf3 Bd7 18. Nd4 Qf6 19. Ndb5 Rac8 20. Qd2 Qg6 21. Nd4 Rce8 22. b3 Ne4 23. Nxe4 fxe4 24. Be3 Ng4 25. Bxg4 Bxg4 26. Kg1 Be5 27. g3 Bh3 28. Rxf8 Rxf8 29. Ne2 h5 30. Re1 h4 31. Nf4 Qg4 32. Nxh3 Qxh3 33. Qg2 Qxg2+ 34. Kxg2 hxg3 35. hxg3 Rf3 36. Bf2 Rc3 37. Rxe4 Rc2 38. Kf3 Rxa2 39. Re2 Ra3 40. Re3 Kg6 41. Ke4 a4 42. bxa4 Rxa4 43. Kd3 Ra3+ 44. Ke2 Ra2+ 45. Kf3 Ra4 46. Re4 Ra3+ 47. Kg4 Ra4 48. Kf3 Ra3+ 49. Kg2 Ra2 50. g4 b6 51. Kf3 Ra3+ 52. Be3 Rc3 53. Ke2 Rc2+ 54. Kd3 Rc3+ 55. Kd2 Ra3 56. Bd4 Ra2+ 57. Kc3 Bxd4+ 58. Kxd4 Rd2+ 59. Kc3 Rg2 60. Re7 Rg3+ 61. Kb4 Rxg4 62. Rxc7 Kf6 63. Rc6 Ke5 64. Rxb6 Rg1 65. Kb5 Rb1+ 66. Kc6 Rc1 67. Rb4 Rc2 68. Ra4 Rc1 69. Kd7 Rc2 70. Kc6 Rc1 71. Kb5 Rb1+ 72. Rb4 Rc1 73. Kb6 Rc2 74. Kc7 Rc1 75. Kb7 Rc2 76. Ra4 Rc1 77. Ka6 Rc2 78. Kb5 Rb2+ 79. Rb4 Rc2 80. Rb3 Rc1 81. Re3+ Kd4 82. Re6 Rxc4 83. Rxd6 Rc5+ 84. Kb6 Rxd5 85. Rc6 Re5 86. Rc1 Ke4 87. Kc6 Kf5 88. Kd6 Re6+ 89. Kd7 Re5 90. Rf1+ Ke4 91. Kd6 Rf5 92. Re1+ Kd4 93. Rd1+ Kc4 94. Rc1+ Kd4 95. Ke6 Ra5 96. Rd1+ Ke4 97. Rb1 Ra6+ 98. Kd7 Kd5 99. Kc7 Rh6 100. Rb5+ Kc4 101. Rb8 Rh7+ 102. Kd6 Rh6+ 103. Ke5 Rh5+ 104. Kf4 Rb5 105. Rd8 Rc5 106. Ke4 Rc7 107. Re8 Rc6 108. Ke3 Kd5 109. Rd8+ Rd6 110. Rc8 Re6+ 111. Kd3 Rd6 112. Ra8 Ke5+ 113. Ke3 Rb6 114. Rh8 Rb3+ 115. Kd2 Kf4 116. Rh4+ Kg5 117. Rc4 Rf3 118. Ke2 Rf4 119. Rc5+ Rf5 120. Rc3 Re5+ 121. Kf3 Rf5+ 122. Kg3 Ra5 123. Rf3 Rf5 124. Ra3 Rb5 125. Ra4 Rb3+ 126. Kf2 Kf5 127. Ke2 Ke5 128. Kd2 Rh3 129. Ra5+ Ke4 130. Ra4+ Ke5 131. Ra5+ Ke4 132. Ra8 Ke5 133. Re8+ Kd4 134. Rd8+ Ke4 1/2-1/2


[Site "https://www.chess.com"]

[Event "Titled Tuesday Blitz May 23 Late 2023"]
[White "Kielinkei"]
[Black "Denishev, Marat"]
[BlackFideId "24131563"]
[WhiteElo "2465"]
[BlackElo "2311"]
[Result "0-1"]
[Round "10"]
[TimeControl "180+2"]
[Date "2023.05.23"]
[WhiteClock "0:00:00"]
[BlackClock "0:00:22"]

1. Nf3 Nf6 2. c4 c5 3. Nc3 b6 4. g3 Bb7 5. Bg2 e6 6. O-O Be7 7. d4 cxd4 8. Nxd4 Bxg2 9. Kxg2 d6 10. e4 Qc7 11. Qe2 a6 12. Be3 Nbd7 13. Rac1 O-O 14. b3 Rac8 15. Rfd1 Qb7 16. f3 Rfe8 17. Qd2 Ne5 18. Nde2 b5 19. cxb5 axb5 20. a3 Red8 21. Qd4 h6 22. Qb6 Qa8 23. Qa7 Qc6 24. Nd5 Nxd5 25. exd5 Qa8 26. Qxe7 Rd7 27. Qh4 Rxc1 28. Bxc1 exd5 29. Qd4 Rc7 30. Qxd5 Qe8 31. Qe4 Qe6 32. Bb2 Qxb3 33. Qa8+ Kh7 34. Qe4+ Ng6 35. Rd2 d5 36. Qd3 Qxd3 37. Rxd3 Rc2 38. Kf2 Rxb2 39. Rxd5 f6 40. Ke3 Ne5 41. Rc5 Rb3+ 42. Kd2 Nxf3+ 43. Kc2 Rxa3 44. Rxb5 Ra2+ 45. Kd3 Rxe2 0-1


[Site "https://www.chess.com"]

[Event "Titled Tuesday Blitz May 23 Late 2023"]
[White "Gubajdullin, Alexei"]
[Black "Golubev, Mikhail"]
[WhiteFideId "4141202"]
[BlackFideId "14100983"]
[WhiteElo "2279"]
[BlackElo "2374"]
[Result "1-0"]
[Round "10"]
[TimeControl "180+2"]
[Date "2023.05.23"]
[WhiteClock "0:01:11"]
[BlackClock "0:00:00"]

1. d4 Nf6 2. Nf3 d6 3. Bf4 Nbd7 4. h3 g6 5. e3 Bg7 6. Be2 O-O 7. O-O Qe8 8. Bh2 e5 9. c4 Qe7 10. Nc3 Re8 11. Nb5 e4 12. Nxc7 exf3 13. Bxf3 Rb8 14. Nxe8 Nxe8 15. Qa4 b6 16. Qxa7 Qd8 17. a4 Bf8 18. b4 Qc7 19. Qxc7 Nxc7 20. b5 Bb7 21. a5 Bxf3 22. gxf3 bxa5 23. Rxa5 Rb7 24. Rfa1 Nb6 25. Ra7 Rxa7 26. Rxa7 Ne6 27. Rb7 Nxc4 28. b6 1-0


[Site "https://www.chess.com"]

[Event "Titled Tuesday Blitz May 23 Late 2023"]
[White "Dudzinski, Pawel"]
[Black "Filgueira, Hernan"]
[WhiteFideId "1117890"]
[BlackFideId "101770"]
[WhiteElo "2099"]
[BlackElo "2363"]
[Result "0-1"]
[Round "10"]
[TimeControl "180+2"]
[Date "2023.05.23"]
[WhiteClock "0:00:02"]
[BlackClock "0:00:30"]

1. e4 d5 2. Nc3 dxe4 3. Nxe4 Qd5 4. Qf3 Nc6 5. c3 Bf5 6. Ng3 Qe6+ 7. Qe3 Qxe3+ 8. dxe3 Bd7 9. e4 O-O-O 10. Be3 Nf6 11. f3 e5 12. Bc4 Be8 13. N1e2 Na5 14. Bb3 Nxb3 15. axb3 a6 16. Kf2 Bd7 17. Rhd1 Be7 18. Nf5 Bxf5 19. exf5 Nd5 20. Ng3 Bh4 21. Ke2 g6 22. fxg6 hxg6 23. Ne4 f5 24. Nc5 Nxe3 25. Kxe3 Bg5+ 26. Ke2 Rxh2 27. Ne6 Rxd1 28. Rxd1 Be7 29. Kf2 Bd6 30. Kg3 Rh5 31. f4 exf4+ 32. Kf3 g5 33. Ng7 g4+ 34. Kf2 Rg5 35. Ne8 Rg6 36. Nxd6+ Rxd6 37. Rh1 Rd2+ 38. Ke1 Rxb2 39. Rh8+ Kd7 40. Rh7+ Ke6 41. Rxc7 Rxb3 42. Kd2 a5 43. Kd3 a4 44. Kc4 Rb2 45. Rc8 a3 46. Re8+ Kf7 47. Ra8 a2 48. Ra7 f3 49. Rxa2 Rxa2 0-1


[Site "https://www.chess.com"]

[Event "Titled Tuesday Blitz May 23 Late 2023"]
[White "Tomiello, Mateus Costamilan"]
[Black "Zaitsev, Alexander"]
[WhiteFideId "22701958"]
[BlackFideId "4164490"]
[WhiteElo "1990"]
[BlackElo "2373"]
[Result "0-1"]
[Round "10"]
[TimeControl "180+2"]
[Date "2023.05.23"]
[WhiteClock "0:01:03"]
[BlackClock "0:00:16"]

1. e4 c5 2. Nf3 Nc6 3. d4 cxd4 4. Nxd4 g6 5. c4 Bg7 6. Be3 Qb6 7. Nb3 Qd8 8. Qd2 Nf6 9. Nc3 Ng4 10. Bg5 h6 11. Bh4 d6 12. h3 Nf6 13. Be2 a5 14. O-O a4 15. Nc1 a3 16. Rb1 axb2 17. Rxb2 O-O 18. Rb1 Na5 19. Nb3 Be6 20. Nxa5 Qxa5 21. Rxb7 Rfc8 22. Rd1 Bxc4 23. Bxc4 Rxc4 24. Nd5 Nxd5 25. exd5 Qxd2 26. Rxd2 Rxh4 27. Rxe7 Rha4 28. Rd7 Be5 29. g3 g5 30. Rd3 Ra3 31. Rd2 Rxa2 32. Rd3 R8a3 33. Rd8+ Kg7 34. Rd1 Ra1 35. Rxa1 Rxa1+ 36. Kg2 Rd1 37. Re8 Rxd5 38. Ra8 Rd2 39. Ra4 Bd4 40. Kf3 d5 41. Ra5 Bxf2 42. Ra3 d4 43. Rb3 Be3 44. Ke4 Rh2 45. g4 Rxh3 46. Kf5 Rf3+ 47. Ke4 Rf4+ 48. Ke5 Rxg4 49. Rd3 Rf4 50. Rb3 h5 51. Rb1 h4 52. Rh1 Kg6 53. Rh3 f6+ 54. Ke6 Kh5 55. Rh2 g4 56. Rh1 h3 57. Kd5 Kh4 58. Re1 h2 59. Ke6 Bg1 60. Re4 Rxe4+ 61. Kf5 h1=Q 62. Kg6 Qf3 63. Kg7 Qf5 64. Kf7 Qh7+ 65. Kf8 Qe7+ 66. Kg8 Qd7 67. Kh8 Re8# 0-1


[Site "https://www.chess.com"]

[Event "Titled Tuesday Blitz May 23 Late 2023"]
[White "Eugene, Floryan"]
[Black "Vega Gutierrez, Sabrina"]
[WhiteFideId "20694784"]
[BlackFideId "2219026"]
[WhiteElo "2369"]
[BlackElo "2209"]
[Result "0-1"]
[Round "10"]
[TimeControl "180+2"]
[Date "2023.05.23"]
[WhiteClock "0:00:10"]
[BlackClock "0:00:04"]

1. d4 d5 2. c4 e6 3. Nc3 c6 4. Nf3 dxc4 5. a4 Bb4 6. e3 b5 7. Bd2 a5 8. axb5 Bxc3 9. Bxc3 cxb5 10. b3 Bb7 11. bxc4 b4 12. Bb2 Nf6 13. Bd3 O-O 14. O-O Nbd7 15. Nd2 Qc7 16. e4 e5 17. f4 exd4 18. e5 Nc5 19. Bf5 Nfe4 20. Nxe4 Bxe4 21. Bxe4 Nxe4 22. Qxd4 Qc5 23. Rfe1 Qxd4+ 24. Bxd4 Nd2 25. c5 Nb3 26. Rad1 Rfd8 27. Be3 Rdc8 28. Rd5 a4 29. Red1 a3 30. R5d3 a2 31. Rxb3 a1=Q 32. Rxa1 Rxa1+ 33. Kf2 Ra4 34. Kf3 Kf8 35. Ke4 Ke7 36. Kd5 Rd8+ 37. Kc4 Kd7 38. Bd2 Kc6 39. Bxb4 Rb8 40. Rb2 h5 41. f5 Re8 42. Rd2 Rxe5 43. Rd6+ Kc7 44. Kb5 Ra2 45. Rc6+ Kd7 46. Rb6 Rxf5 47. Rb7+ Ke6 48. Kb6 Rb2 49. Kc6 Rf4 50. Be1 Rxb7 51. Kxb7 Re4 52. Bg3 Rc4 53. c6 h4 54. Bf2 Kd6 55. Bb6 Rxc6 56. Be3 Rc2 57. Bf4+ Ke6 58. g3 Kf5 59. Be5 h3 60. Bxg7 Kg4 61. Be5 Rxh2 62. Kc6 Re2 63. Kd6 h2 64. Bf4 h1=Q 65. Kd7 Qd5+ 0-1


[Site "https://www.chess.com"]